 Dungeon Crawl Stone Soup version 0.18-a0-481-g9a22f0c (webtiles) character file.

152 Arkorax the Cudgeler (level 5, -4/57 HPs)
             Began as an Ogre Gladiator on Dec 2, 2015.
             Slain by an orc
             ... wielding a +0 war axe
              (9 damage)
             ... on level 3 of the Dungeon.
             The game lasted 00:02:55 (2436 turns).

Arkorax the Cudgeler (Ogre Gladiator)               Turns: 2436, Time: 00:02:55

Health: -4/57      AC:  3    Str: 21    XL:     5   Next: 34%
Magic:  5/5        EV: 10    Int:  7    God:    Xom [..*...]
Gold:   146        SH:  0    Dex: 10    Spells: 0 memorised, 4 levels left

rFire  . . .     SeeInvis .     a - +0 flail
rCold  . . .     Clarity  .     b - +0 robe
rNeg   . . .     SustAt   .     (no shield)
rPois  .         Gourm    .     c - +0 hat
rElec  .         Spirit   .     (no cloak)
rCorr  .         Dismiss  .     (gloves unavailable)
rMut   .         Stasis   .     (boots unavailable)
MR     .....                    (no amulet)
Stlth  +.........               (no ring)
                                (no ring)

@: not resistant to hostile enchantments, very unstealthy
A: unfitting armour, tough skin 1
a: Renounce Religion


You were on level 3 of the Dungeon.
You worshipped Xom.
You were a toy of Xom.
You were not hungry.

You visited 1 branch of the dungeon, and saw 3 of its levels.

You collected 146 gold pieces.

Inventory:

Hand Weapons
 a - a +0 flail (weapon)
Missiles
 d - 3 throwing nets (quivered)
Armour
 b - a +0 robe (worn)
 c - a +0 hat (worn)
Jewellery
 s - an uncursed amulet of stasis {unknown}
Scrolls
 f - 5 scrolls of teleportation {unknown}
 h - 5 scrolls of identify {unknown}
 j - a scroll of enchant armour {unknown}
 k - a scroll of immolation {unknown}
 m - a scroll of random uselessness {unknown}
 q - 2 scrolls of enchant weapon {unknown}
 r - a scroll of remove curse {unknown}
Potions
 g - a potion of ambrosia {unknown}
 l - a potion of cure mutation {unknown}
 n - 2 potions of resistance
 p - a potion of invisibility {unknown}
 t - a potion of agility {unknown}
Comestibles
 e - 2 bread rations
 o - a beef jerky


   Skills:
 + Level 5.0 Fighting
 + Level 6.4 Maces & Flails
 - Level 2.0 Throwing
 - Level 2.6 Dodging


You had 4 spell levels left.
You didn't know any spells.

Dungeon Overview and Level Annotations

Branches:
Dungeon (3/15)

Altars:
Fedhas
Vehumet
Xom


Innate Abilities, Weirdness & Mutations

You are too large for most types of armour.
You have tough skin (AC +1).


Message History

You are too injured to fight recklessly!
You are too injured to fight recklessly!
Unknown command.
You are too injured to fight recklessly!
Unknown command.
You are too injured to fight recklessly!
You are too injured to fight recklessly!
Unknown command.
You are too injured to fight recklessly!
Unknown command.
You are too injured to fight recklessly!
You hit something but do no damage.
You hear some strange, mumbled words.
A magic dart appears from out of thin air!
The magic dart hits you!
* * * LOW HITPOINT WARNING * * *
The orc hits you.
* * * LOW HITPOINT WARNING * * *
The orc completely misses you. The orc hits you with a war axe!
You die...

.. ##.............# ...
#.....)........+ ....
#..............#
....#####..............#
.......................#
.........(.............#
........(#.............#
......oo(#.............#
.....ol@{#.............#
......ooo#.............#
#.#.#.#..#.............#
.........####.#.########
#.#.#.#..####.#.#.......
....%....#......#.......
#.#.#.#..#......#.......
.........#......#.......
#......####'##'


You could see 6 orcs and a giant newt.

Vanquished Creatures
  3 orc wizards (D:3)
  2 adders (D:2)
  2 worms (D:2)
  A giant gecko (D:2)
  3 orcs (D:3)
  4 giant cockroaches
  6 goblins
  A hobgoblin (D:2)
  4 jackals (D:2)
  4 quokkas
  6 bats
  6 giant newts
  4 kobolds
  5 rats
51 creatures vanquished.

Vanquished Creatures (others)
  An orc (D:3)
1 creature vanquished.

Grand Total: 52 creatures vanquished

Notes
Turn   | Place    | Note
--------------------------------------------------------------
     0 | D:1      | Arkorax the Ogre Gladiator began the quest for the Orb.
     0 | D:1      | Reached XP level 1. HP: 22/22 MP: 1/1
   317 | D:1      | Reached XP level 2. HP: 28/31 MP: 2/2
   868 | D:2      | Reached XP level 3. HP: 34/39 MP: 3/3
   877 | D:2      | Reached skill level 5 in Maces & Flails
  1285 | D:2      | Found a radiant altar of Vehumet.
  1479 | D:2      | Reached XP level 4. HP: 18/48 MP: 4/4
  1977 | D:3      | Found a faded altar to an unknown god.
  2022 | D:3      | Became a worshipper of Fedhas Madash
  2022 | D:3      | Reached * piety under Fedhas
  2109 | D:3      | Found a shimmering altar of Xom.
  2125 | D:3      | Reached skill level 6 in Maces & Flails
  2125 | D:3      | Reached XP level 5. HP: 25/55 MP: 5/5
  2132 | D:3      | Fell from the grace of Fedhas
  2132 | D:3      | Became a worshipper of Xom of Chaos
  2430 | D:3      | Reached skill level 5 in Fighting
  2436 | D:3      | Slain by an orc

Vault maps used:
D:1:      grunt_arrival_crossed_arrows
D:2:      old_standard_altar, serial_corexii_hall, corexii_hall_statues_s,
          corexii_hall_statues_u, corexii_hall_statues_s,
          corexii_hall_statues_s, corexii_hall_statues_u, corexii_hall_statues_l
D:3:      overflow_temple_1_default, old_standard_altar, ecumenical_altar_1,
          st_stairs_11, glass_columns_c, minmay_misc_feat_chi

Action                   |  1- 3 |  4- 6 || total
-------------------------+-------+-------++-------
Melee: Flail             |   112 |    34 ||   146
  Use: Potion            |       |     5 ||     5
 Stab: Sleeping          |     1 |     1 ||     2
  Eat: Chunk             |     1 |     2 ||     3
       Bread ration      |       |     1 ||     1
